 Adventure DCSS version bcrawl-1.27.3 (webtiles) character file.

Game seed: 17986777914850204824

11491733 galech the Severer (level 19, 0/159 HPs)
             Began as a Demonspawn Fighter on Aug 6, 2020.
             Was a High Priest of Okawaru.
             Slain by a large abomination (6 damage)
             ... on level 4 of the Abyss.
             The game lasted 01:11:51 (34636 turns).

galech the Severer (Demonspawn Fighter)            Turns: 34636, Time: 01:11:51

Health: 0/159      AC: 31    Str: 26    XL:     19   Next: 9%
Magic:  0/25       EV: 15    Int: 11    God:    Okawaru [*****.]
Gold:   3384       SH: 16    Dex: 12    Spells: 18/18 levels left
                                        Lives:  0   Deaths: 2

rFire    + + +     SeeInvis .   J - +9 broad axe (elec)
rCold    + + .     Gourm    .   c - +0 medium shield
rNeg     . . .     Faith    .   V - +1 gold dragon scales
rPois    +         Spirit   +   (helmet unavailable)
rElec    +         Reflect  .   t - scarf {rC+ rF+}
rCorr    +         Harm     .   L - +0 pair of gloves of Inviolability {rF+ Regen+ Stlth-}
MR       +....                  N - +0 pair of boots of Peek-a-Boo {Str+2 Stlth+}
Stlth    ..........             (no amulet)
HPRegen  0.76/turn              Q - +6 ring of evasion
MPRegen  0.38/turn              d - ring of insulation

@: heroism
A: horns 3, yellow scales 3, foul stench 1, magic shield, magic regeneration,
rot immunity
}: 2/15 runes: serpentine, barnacled
a: Heroism, Finesse, Renounce Religion


You were on level 4 of the Abyss.
You worshipped Okawaru.
Okawaru was extremely pleased with you.
You were very hungry.

You visited 6 branches of the dungeon, and saw 28 of its levels.
You visited the Abyss 4 times.
You also visited: Gauntlet and Ice Cave.

You collected 4049 gold pieces.
You spent 665 gold pieces at shops.

Inventory:

Hand Weapons
 J - a +9 broad axe of electrocution (weapon)
 X - a +0 broad axe of flaming
Armour
 a - the +1 ring mail of Honesty {rPois rF+++ rC- Dex-2}
   (You found it on level 3 of the Shoals)

   It affects your dexterity (-2).
   It renders you almost immune to fire.
   It makes you vulnerable to cold.
   It protects you from poison.
 c - a +0 medium shield (worn)
 o - a +2 scale mail of cold resistance
 q - a +2 chain mail of positive energy
 t - a scarf of resistance (worn)
 D - +2 storm dragon scales
 L - the +0 pair of gloves of Inviolability (worn) {rF+ Regen+ Stlth-}
   (You found it in a Gauntlet)

   It protects you from fire.
   It increases your rate of regeneration.
   It makes you less stealthy.
 N - the +0 pair of boots of Peek-a-Boo (worn) {Str+2 Stlth+}
   (You bought it in a shop on level 10 of the Dungeon)

   It affects your strength (+2).
   It makes you more stealthy.
 S - a +0 cloak of magic resistance
 V - +1 gold dragon scales (worn)
Jewellery
 d - a ring of insulation (right hand)
 A - a +7 ring of dexterity
 I - the ring of Propriety {Ice Int+4}
   (You found it in an ice cave)

   [ring of ice]

   It enhances your ice magic.
   It affects your intelligence (+4).
   It makes you vulnerable to fire.
   It protects you from cold.
 M - the ring of the Falcon {+Blink +Fly}
   (You found it on level 10 of the Dungeon)

   [ring of flight]

   It lets you fly.
   It lets you blink.
 Q - a +6 ring of evasion (left hand)
Wands
 C - a wand of digging (31)
Scrolls
 g - 8 scrolls of remove curse
 m - 2 scrolls of magic mapping
 n - 4 scrolls of enchant armour
 p - 7 scrolls of fog
 r - a scroll of teleportation
 s - a scroll of acquirement
 u - 9 scrolls of fear
 w - 8 scrolls of amnesia
 y - 6 scrolls of summoning
 E - 4 scrolls of identify
 H - 3 scrolls of enchant weapon
 P - 4 scrolls of silence
 U - 2 scrolls of blinking
Potions
 b - 3 potions of ambrosia
 h - 3 potions of agility
 i - 5 potions of brilliance
 j - 3 potions of degeneration
 k - 2 potions of cancellation
 l - 3 potions of flight
 v - 4 potions of mutation
 z - a potion of lignification
 B - 3 potions of invisibility
 F - 2 potions of magic
 G - 3 potions of might
 O - a potion of curing
 Z - 2 potions of haste
Miscellaneous
 f - a lamp of fire
Comestibles
 e - 54 rations {!d}


   Skills:
 + Level 16.6(21.6) Fighting
 + Level 19.6(24.6) Axes
 + Level 13.9(18.9) Armour
 + Level 5.1(10.1) Dodging
 + Level 2.4(7.4) Stealth
 + Level 15.6(20.6) Shields
 + Level 1.5(6.5) Unarmed Combat
 + Level 8.5 Invocations
 + Level 0.4 Evocations


You had 18 spell levels left.
You didn't know any spells.
Your spell library contained the following spells:

 Spells                   Type           Power        Failure   Level  Hunger
 Animate Skeleton         Necr           N/A          100%        1    None
 Corona                   Hex            #......      100%        1    None
 Infusion                 Chrm           #.......     100%        1    None
 Pain                     Necr           #.....       100%        1    None
 Sandblast                Erth           #.....       100%        1    None
 Sting                    Conj/Pois      #...         100%        1    None
 Summon Small Mammal      Summ           #...         100%        1    None
 Call Imp                 Summ           #.....       100%        2    ####...
 Shackle                  Hex            #.......     100%        2    ####...
 Song of Slaying          Chrm           #.......     100%        2    ####...
 Call Canine Familiar     Summ           #.......     100%        3    #####..
 Confuse                  Hex            #.......     100%        3    #####..
 Dazzling Orbs            Conj/Hex       #......      100%        3    #####..
 False Image              Hex/Summ       #.......     100%        3    #####..
 Inner Flame              Hex/Fire       N/A          100%        3    #####..
 Ozocubu's Armour         Chrm/Ice       #.......     100%        3    #####..
 Regeneration             Chrm/Necr      #.........   100%        3    #####..
 Spectral Weapon          Hex/Chrm       #.......     100%        3    #####..
 Stone Arrow              Conj/Erth      #.....       100%        3    #####..
 Vampiric Draining        Necr           #.........   100%        3    #####..
 Animate Dead             Necr           N/A          100%        4    ######.
 Cause Fear               Hex            #.........   100%        4    ######.
 Petrify                  Tmut/Erth      #.........   100%        4    ######.
 Summon Ice Beast         Ice/Summ       #.......     100%        4    ######.
 Summon Scorpions         Summ/Pois      #.......     100%        4    ######.
 Yara's Violent Unravell  Hex/Tmut       #.........   100%        4    ######.
 Bolt of Draining         Conj/Necr      #.........   100%        5    #######
 Bolt of Magma            Conj/Fire/Erth #.........   100%        5    #######
 Irradiate                Conj/Tmut      #.........   100%        5    #######
 Iskenderun's Battlesphe  Conj/Chrm      #.......     100%        5    #######
 Metabolic Englaciation   Hex/Ice        #.........   100%        5    #######
 Summon Lightning Spire   Summ/Air       #.......     100%        5    #######
 Bolt of Cold             Conj/Ice       #.........   100%        6    #######
 Conjure Ball Lightning   Conj/Air       #.........   100%        6    #######
 Freezing Cloud           Ice/Air        #.........   100%        6    #######
 Infestation              Hex/Tmut/Pois  #........    100%        6    #######
 Ozocubu's Refrigeration  Ice            #.........   100%        6    #######
 Simulacrum               Ice/Necr       #.........   100%        6    #######
 Mana Rupture             Conj/Hex       #.........   100%        7    #######


Dungeon Overview and Level Annotations

Branches:
Dungeon (12/12)            Temple (0/1) D:6            Lair (6/6) D:7
 Shoals (3/3) Lair:2        Snake (3/3) Lair:4        Slime (0/5) Lair:5
    Orc (1/1) D:8             Elf (3/3) Orc          Vaults (0/3) D:11
 Depths (0/5) D:12

Altars:
Cheibriados
Dithmenos
Fedhas
Gozag
Hepliaklqana
Kikubaaqudgha
Makhleb
Nemelex Xobeh
Okawaru
Qazlal
Ru
Trog
Uskayaw
Vehumet
Zin
The Shining One
Beogh
Jiyva

Shops:
D:7 }   D:10 **!*(   D:11 [%(%*   Orc **=%}   Elf:1 =   Elf:3 [   Shoals:3 =?
Snake:3 =!!

Portals:
Hell: Lair:6
Bazaar: D:12 Snake:3

Annotations:
D:11 3 runed translucent doors, Lazarus1551's ghost, journeyman DrWn
Lair:3 3 runed translucent doors, dscm's ghost, novice DsAc
Lair:6 2 transporters, night's ghost, journeyman TrMA
Elf:2 1 runed door, dscm's ghost, journeyman KoFi
Elf:3 1 runed translucent door, Estegh's ghost, adept MiAK; Louise


Innate Abilities, Weirdness & Mutations

You have a pair of large horns on your head.
You are completely covered in yellow scales. (AC +4, rCorr)
You may emit foul miasma when damaged in melee.
When hurt, damage is shared between your health and your magic reserves.
You regenerate magic rapidly.
You are immune to rotting.


Message History

You destroy the starcursed mass!
Okawaru accepts your kill.
You slice the starcursed mass!!
Lightning courses through the starcursed mass!
You destroy the starcursed mass!
Okawaru accepts your kill.
You slice the starcursed mass!!
Lightning courses through the starcursed mass!
You destroy the starcursed mass!
Okawaru accepts your kill.
A sky beast comes into view.
You slash the large abomination!
Lightning courses through the large abomination!!
You headbutt the large abomination, but do no damage.
The large abomination is heavily damaged.
You hit the starcursed mass.
The starcursed mass shrieks in your mind.
* * * LOW HITPOINT WARNING * * *
The large abomination hits you!
You die...

.. .. ≈ ≈≈≈...... .
. . ..
.##≈≈........ ...
... .
##≈≈#..#...... .. .
# #≈§............ .
. ##≈..†.#.. .. ≈ #
.##≈≈≈..#........ .
..##≈#≈≈))##.>.....
. .
#............##.#.
# .
......X@(..§...##.
.......X...#...#
.....#.....# .
#...###...## ....
..... ... ......# .
..Y.... .........


You could see a starcursed mass, a large abomination and a sky beast.

Vanquished Creatures
  Vashnia (Snake:3)
  A bone dragon (Abyss:2)
  Rupert (Snake:1)
  A Hell Sentinel (Abyss:3)
  3 deep elf master archers (Elf:3)
  A deep elf blademaster (Elf:3)
  2 tentacled starspawn
  8 nagarajas
  A frost giant (IceCv)
  8 deep elf sorcerers
  An orc warlord (Orc)
  3 deep elf elementalists (Elf:3)
  A draconian stormcaller (Abyss:2)
  An ironheart preserver (D:11)
  An angel (Abyss:3)
  Nessos (Lair:6)
  A minotaur (Gauntlet)
  4 deep elf demonologists (Elf:3)
  Snorg (Orc)
  7 deep elf annihilators
  2 merfolk javelineers
  5 deep elf death magi
  A yaktaur captain (D:12)
  Josephine (Shoals:1)
  7 merfolk impalers
  Fannar (D:12)
  3 deep elf high priests (Elf:3)
  A great orb of eyes (Abyss:4)
  3 rakshasas
  An ice dragon (shapeshifter) (Elf:2)
  A hell beast (Lair:6)
  8 hydras
  6 centaur warriors
  A ghost crab (Gauntlet)
  2 merfolk aquamancers
  15 naga warriors
  3 anacondas
  A death knight (D:9)
  3 two-headed ogres
  6 merfolk avatars
  A death yak (IceCv)
  2 satyrs
  29 dancing weapons
  2 tengu warriors
  13 sea snakes
  A queen ant (Gauntlet)
  18 naga sharpshooters
  Sonja (D:12)
  4 shock serpents
  A thrashing horror (Abyss:2)
  14 deep elf knights
  A shadow wraith (Abyss:4)
  2 sixfirhies (Abyss:4)
  2 wretched stars (Abyss:2)
  9 skeletal warriors
  2 spatial maelstroms
  2 fire crabs
  4 unseen horrors
  3 salamander mystics
  A shadow demon (Abyss:3)
  A wizard (Lair:6)
  A glowing orange brain (Abyss:2)
  8 naga ritualists
  An obsidian statue (D:12)
  10 deep elf archers
  A harpy (Shoals:3)
  54 deep elf magi
  6 mana vipers
  3 ugly things
  A cyclops (D:9)
  An orc sorcerer (Elf:1)
  A worldbinder (Abyss:2)
  8 orc knights
  42 black mambas
  14 fauns
  15 manticores
  11 salamanders
  A moth of wrath (shapeshifter) (Elf:3)
  A black mamba (shapeshifter) (D:10)
  3 centaur zombies
  2 guardian serpents
  A torpor snail (Lair:4)
  5 water nymphs
  11 merfolk sirens
  23 naga magi
  A guardian serpent (shapeshifter) (D:11)
  9 cane toads
  2 smoke demons
  An ice statue (IceCv)
  An efreet (Abyss:3)
  A yaktaur (D:12)
  8 rime drakes
  A kobold demonologist (D:11)
  2 freezing wraiths
  8 komodo dragons
  5 ice devils (Lair:6)
  A hellwing (Lair:6)
  2 ancient zymes
  A hornet (shapeshifter) (Elf:1)
  16 polar bears
  6 wind drakes
  4 trolls
  A meliai (D:11)
  9 blink frogs
  17 merfolk
  6 slime creatures
  5 dream sheep (Lair:4)
  5 raiju (Abyss:3)
  7 hippogriffs
  7 snapping turtles
  4 ynoxinuls
  4 air elementals
  8 shadows
  A spriggan (shapeshifter) (D:12)
  8 redbacks (Snake:3)
  12 water elementals
  4 wraiths
  A wyvern (Lair:6)
  72 yaks
  13 large abominations
  2 fire elementals
  A human (D:11)
  Eustachio (D:4)
  A fire bat (Shoals:2)
  A hungry ghost (D:10)
  2 basilisks
  2 chaos spawn (Abyss:2)
  A neqoxec (Abyss:2)
  8 small abominations
  A steam dragon (D:8)
  3 spatial vortices
  52 nagas
  6 soldier ants (Gauntlet)
  8 wargs (Orc)
  An acid dragon (D:12)
  11 crocodiles
  11 water moccasins
  Edmund (D:5)
  4 hell hounds (Lair:6)
  45 orc warriors
  3 porcupines (Lair:1)
  2 black bears
  9 ice beasts
  2 phantoms
  2 sky beasts
  6 ogres
  An eye of draining (D:11)
  2 necrophages
  17 wolves
  13 centaurs
  3 big kobolds
  15 bullfrogs
  3 earth elementals
  3 scorpions
  A hornet simulacrum (D:12)
  9 killer bees
  11 wights
  3 electric eels
  2 vampire bats (Lair:3)
  5 crimson imps
  5 starcursed masses (Abyss:4)
  2 bullfrog zombies
  9 hounds
  5 jellies
  5 centaur skeletons
  A quasit (D:5)
  14 orc priests
  Jessica (D:2)
  3 iguanas
  18 orc wizards
  7 worker ants
  A killer bee zombie (D:3)
  5 adders
  4 shadow imps
  2 ufetubi
  3 oozes
  An adder zombie (D:3)
  3 adder skeletons
  3 worms
  A dart slug (D:1)
  3 leopard geckos
  73 orcs
  2 ball pythons
  14 bats
  4 giant cockroaches
  6 goblins
  6 hobgoblins
  9 jackals
  5 quokkas
  4 frilled lizards
  A jackal skeleton (D:7)
  14 kobolds
  2 quokka skeletons (D:4)
  5 rats
  2 fungi (Lair:4)
  8 plants
  3 starspawn tentacles
1237 creatures vanquished.

Vanquished Creatures (others)
  A deep elf knight (Elf:3)
  A deep elf archer (Elf:1)
  2 deep elf magi (Elf:1)
  A centaur skeleton (D:9)
  A wolf (IceCv)
  An orc (D:9)
  A fungus (Lair:5)
  A lurking horror (Abyss:4)
  9 plants
  3 starspawn tentacles
21 creatures vanquished.

Grand Total: 1258 creatures vanquished

Notes
Turn   | Place    | Note
-------+----------+-------------------------------------------
     0 | D:1      | galech the Demonspawn Fighter began the quest for the Orb.
     0 | D:1      | Reached XP level 1. HP: 18/18 MP: 1/1
   234 | D:1      | Gained mutation: You are partially covered in yellow
                  | scales. (AC +2) [demonic ancestry]
   234 | D:1      | Reached XP level 2. HP: 24/24 MP: 2/2
   498 | D:1      | Reached skill level 2 in Axes
  1181 | D:2      | Gained mutation: You are mostly covered in yellow scales.
                  | (AC +3) [demonic ancestry]
  1181 | D:2      | Reached XP level 3. HP: 29/29 MP: 3/3
  1484 | D:2      | Noticed Jessica
  1487 | D:2      | Killed Jessica
  1487 | D:2      | Reached XP level 4. HP: 19/35 MP: 4/4
  1886 | D:3      | Found a sparkling altar of Nemelex Xobeh.
  2026 | D:3      | Reached XP level 5. HP: 37/41 MP: 5/5
  2116 | D:3      | Reached skill level 3 in Axes
  2192 | D:3      | Found a glowing golden altar of the Shining One.
  2321 | D:3      | Found a burning altar of Makhleb.
  2455 | D:4      | Noticed Eustachio
  2611 | D:4      | Killed Eustachio
  2611 | D:4      | Reached skill level 1 in Dodging
  2611 | D:4      | Gained mutation: You have a pair of small horns on your
                  | head. [demonic ancestry]
  2611 | D:4      | Reached XP level 6. HP: 40/47 MP: 6/6
  2811 | D:4      | Reached skill level 4 in Axes
  2831 | D:4      | Gained mutation: When hurt, damage is shared between your
                  | health and your magic reserves. [demonic ancestry]
  2831 | D:4      | Reached XP level 7. HP: 53/53 MP: 7/7
  2943 | D:4      | Got a slimy mace
  2954 | D:4      | Identified the +4 mace "Anizac" {vamp, Str+5} (You found it
                  | on level 4 of the Dungeon)
  3161 | D:4      | Found a hide-covered altar of Uskayaw.
  3163 | D:4      | Noticed a +0 dagger
  3163 | D:4      | Noticed a +0 hand axe
  3183 | D:4      | Found an opulent altar of Gozag.
  3184 | D:4      | Found a stormy altar of Qazlal.
  3262 | D:4      | Reached skill level 1 in Stealth
  3549 | D:4      | Found an iron altar of Okawaru.
  3552 | D:4      | Became a worshipper of Warmaster Okawaru
  3584 | D:5      | Entered Level 5 of the Dungeon
  3607 | D:5      | Noticed Edmund
  3621 | D:5      | Killed Edmund
  3621 | D:5      | Reached skill level 5 in Shields
  3995 | D:5      | Reached skill level 5 in Axes
  4076 | D:5      | Reached XP level 8. HP: 54/60 MP: 5/8
  4115 | D:5      | Reached * piety under Okawaru
  4287 | D:5      | Found a sacrificial altar of Ru.
  4824 | D:6      | Noticed a green ugly thing
  4999 | D:6      | Found a hazy altar of Hepliaklqana.
  5046 | D:7      | Reached ** piety under Okawaru
  5046 | D:7      | Reached skill level 5 in Armour
  5062 | D:7      | Reached skill level 6 in Axes
  5281 | D:7      | Reached skill level 5 in Fighting
  5281 | D:7      | Gained mutation: You have a pair of horns on your head.
                  | [demonic ancestry]
  5281 | D:7      | Reached XP level 9. HP: 41/68 MP: 7/9
  5479 | D:7      | Noticed a troll
  5496 | D:7      | Killed a troll
  5496 | D:7      | Reached skill level 7 in Axes
  5716 | D:7      | Found a snail-covered altar of Cheibriados.
  5731 | D:7      | Reached *** piety under Okawaru
  6045 | D:7      | Found a staircase to the Lair.
  6397 | D:7      | Found Cycwipp's Gadget Emporium.
  6498 | D:8      | Found a staircase to the Orcish Mines.
  6506 | D:8      | Noticed a four-headed hydra
  6530 | D:5      | Found a shadowy altar of Dithmenos.
  6642 | D:6      | Killed a green ugly thing
  6642 | D:6      | Reached skill level 8 in Axes
  6758 | D:6      | Noticed a two-headed ogre
  6765 | D:6      | Killed a two-headed ogre
  6765 | D:6      | Reached skill level 1 in Invocations
  6765 | D:6      | Gained mutation: You are completely covered in yellow
                  | scales. (AC +4, rCorr) [demonic ancestry]
  6765 | D:6      | Reached XP level 10. HP: 76/76 MP: 7/10
  6823 | D:6      | Found a staircase to the Ecumenical Temple.
  7612 | D:9      | Noticed a two-headed ogre
  7628 | D:9      | Mangled by a two-headed ogre
  7629 | D:9      | Reached XP level 9. HP: -10/69 MP: 0/9
  7720 | D:9      | Killed a two-headed ogre
  7720 | D:9      | Reached **** piety under Okawaru
  7766 | D:9      | Noticed a freezing wraith
  7770 | D:9      | Noticed a cyclops
  7778 | D:9      | Killed a cyclops
  7778 | D:9      | Reached skill level 9 in Axes
  7793 | D:9      | Reached XP level 10. HP: 27/77 MP: 4/11
  8248 | D:8      | Killed a one-headed hydra
  8248 | D:8      | Reached ***** piety under Okawaru
  8282 | D:8      | Received a gift from Okawaru
  8562 | D:8      | Found a bloodstained altar of Trog.
  8562 | D:8      | Found a blossoming altar of Fedhas.
  8569 | D:8      | Found a glowing silver altar of Zin.
  8574 | D:8      | Found a radiant altar of Vehumet.
  8576 | D:8      | Found a glowing golden altar of the Shining One.
  8578 | D:8      | Reached skill level 10 in Axes
  8896 | D:9      | Noticed a death knight
  8987 | D:9      | Killed a death knight
  9236 | D:10     | Entered Level 10 of the Dungeon
  9236 | D:10     | Found Anlaudd's Assorted Antiques.
  9279 | D:10     | Reached XP level 11. HP: 71/84 MP: 10/12
  9311 | D:10     | Got a translucent ivory ring
  9313 | D:10     | Identified the ring of the Falcon {+Blink +Fly} (You found
                  | it on level 10 of the Dungeon)
  9339 | D:10     | Bought a scroll of identify for 56 gold pieces
  9339 | D:10     | Bought a pair of polished boots for 266 gold pieces
  9349 | D:10     | Identified the +0 pair of boots of Peek-a-Boo {Str+2
                  | Stlth+} (You bought it in a shop on level 10 of the
                  | Dungeon)
  9403 | D:10     | Noticed a purple ugly thing
  9410 | D:10     | Killed a purple ugly thing
  9516 | D:10     | Found Imifin's Assorted Antiques.
  9517 | D:10     | Found Qiugetew's Distillery.
  9522 | D:10     | Noticed a tengu warrior
  9533 | D:10     | Killed a tengu warrior
  9567 | D:10     | Bought a potion of curing for 40 gold pieces
  9567 | D:10     | Bought a potion of curing for 40 gold pieces
  9567 | D:10     | Bought a potion of mutation for 128 gold pieces
  9567 | D:10     | Bought a potion of curing for 40 gold pieces
  9567 | D:10     | Bought a potion of curing for 40 gold pieces
  9590 | D:10     | Reached skill level 11 in Axes
  9788 | D:10     | Found Izoguoh's Weapon Shoppe.
  9911 | D:10     | Killed an unseen horror
 10073 | D:10     | Found Oshi Yna's General Store.
 10081 | D:10     | Bought a potion of curing for 27 gold pieces
 10140 | Lair:1   | Entered Level 1 of the Lair of Beasts
 10292 | Lair:1   | Reached ****** piety under Okawaru
 10432 | Lair:1   | Received a gift from Okawaru
 11316 | Lair:2   | Gained mutation: You have a pair of large horns on your
                  | head. [demonic ancestry]
 11316 | Lair:2   | Reached XP level 12. HP: 92/94 MP: 13/13
 11321 | Lair:2   | Noticed a six-headed hydra
 11332 | Lair:2   | Killed a two-headed hydra
 11426 | Lair:2   | Reached skill level 12 in Axes
 11674 | Lair:2   | Found a staircase to the Shoals.
 12173 | Lair:3   | Noticed a seven-headed hydra
 12181 | Lair:3   | Killed a four-headed hydra
 12247 | Lair:3   | Received a gift from Okawaru
 12262 | Lair:3   | Got an ancient battleaxe {god gift}
 12268 | Lair:3   | Identified the +7 battleaxe of the Coward {chop, *Drain
                  | +Inv Dex+4} (Okawaru gifted it to you on level 3 of the
                  | Lair of Beasts)
 12418 | Lair:3   | Found a runed translucent gate.
 12418 | Lair:3   | Found a runed translucent gate.
 12418 | Lair:3   | Found a runed translucent gate.
 12421 | Lair:3   | Noticed dscm's ghost (novice DsAc)
 13100 | Lair:4   | Found a staircase to the Snake Pit.
 13657 | Lair:4   | Received a gift from Okawaru
 13663 | Lair:4   | Got a pair of polished gloves {god gift}
 13674 | Lair:4   | Identified the -5 pair of gloves of the Desolation of Salt
                  | {rElec} (Okawaru gifted it to you on level 4 of the Lair of
                  | Beasts)
 13970 | Lair:5   | Found a gate leading to a gauntlet.
 13979 | Gauntlet | Entered a Gauntlet
 13979 | Gauntlet | Found a transporter.
 13979 | Gauntlet | Found a transporter.
 13983 | Gauntlet | Found a transporter.
 13983 | Gauntlet | Found a transporter.
 13992 | Gauntlet | Noticed a queen ant
 13993 | Gauntlet | Found a transporter.
 14025 | Gauntlet | Noticed a queen ant
 14027 | Gauntlet | Found a transporter.
 14042 | Gauntlet | Found a transporter.
 14057 | Gauntlet | Found a transporter.
 14073 | Gauntlet | Found a transporter.
 14086 | Gauntlet | Found a transporter.
 14175 | Gauntlet | Found a transporter.
 14189 | Gauntlet | Found a transporter.
 14197 | Gauntlet | Noticed a ghost crab
 14205 | Gauntlet | Found a transporter.
 14302 | Gauntlet | Found a transporter.
 14312 | Gauntlet | Found a transporter.
 14312 | Gauntlet | Noticed a ghost crab
 14324 | Gauntlet | Found a transporter.
 14325 | Gauntlet | Noticed a hell hog
 14415 | Gauntlet | Killed a queen ant
 14415 | Gauntlet | Reached skill level 13 in Axes
 14417 | Gauntlet | Reached skill level 10 in Shields
 14546 | Gauntlet | Got a pair of shimmering gloves
 14558 | Gauntlet | Identified the +0 pair of gloves of Inviolability {rF+
                  | Regen+ Stlth-} (You found it in a Gauntlet)
 14584 | Gauntlet | Killed a ghost crab
 14584 | Gauntlet | Gained mutation: You regenerate magic rapidly. [demonic
                  | ancestry]
 14584 | Gauntlet | Reached XP level 13. HP: 102/102 MP: 6/15
 14640 | Gauntlet | Identified the +3 great mace of the Dove {holy, Str+3}
 14640 | Gauntlet | Noticed a minotaur
 14651 | Gauntlet | Killed a minotaur
 14652 | Gauntlet | Identified the Collected Works on Toxins and Clay
 14851 | Lair:5   | Reached skill level 10 in Fighting
 15006 | Lair:5   | Found a staircase to the Slime Pits.
 15006 | Lair:5   | Found a viscous altar of Jiyva.
 15388 | Lair:6   | Entered Level 6 of the Lair of Beasts
 15391 | Lair:6   | Found a transporter.
 15402 | Lair:6   | Noticed night's ghost (journeyman TrMA)
 15702 | Lair:6   | Received a gift from Okawaru
 15705 | Lair:6   | Got a twisted scale mail {god gift}
 15716 | Lair:6   | Identified the +3 scale mail of Diteguerai {Stlth+}
                  | (Okawaru gifted it to you on level 6 of the Lair of Beasts)
 15839 | Lair:6   | Found an ancient bone altar of Kikubaaqudgha.
 15850 | Lair:6   | Got a steaming scale mail
 15894 | Lair:6   | Found a transporter.
 16230 | Lair:6   | Found a large runed door.
 16230 | Lair:6   | Found a large runed door.
 16389 | Lair:6   | Identified the +4 scale mail "Nenelout" {Int+3} (You found
                  | it on level 6 of the Lair of Beasts)
 16557 | Lair:6   | Found a burning altar of Makhleb.
 16557 | Lair:6   | Noticed Nessos
 16566 | Lair:6   | Reached skill level 14 in Axes
 16595 | Lair:6   | Killed Nessos
 16643 | Lair:6   | Found a gateway to Hell.
 16987 | D:11     | Found a gate to the Vaults.
 16987 | D:11     | Noticed an ironheart preserver
 16998 | D:11     | Killed an ironheart preserver
 17047 | D:11     | Gained mutation: You are immune to rotting. [demonic
                  | ancestry]
 17047 | D:11     | Reached XP level 14. HP: 94/111 MP: 14/17
 17117 | D:11     | Found Seageolu's Antique Armour Emporium.
 17139 | D:11     | Found Ebotwume's Food Shoppe.
 17152 | D:11     | Found a runed translucent gate.
 17152 | D:11     | Found a runed translucent gate.
 17152 | D:11     | Found a runed translucent gate.
 17153 | D:11     | Found an opulent altar of Gozag.
 17154 | D:11     | Noticed Lazarus1551's ghost (journeyman DrWn)
 17227 | D:11     | Received a gift from Okawaru
 17349 | D:11     | Found a bloodstained altar of Trog.
 17418 | D:11     | Found Geylulej's Antique Weapon Shop.
 17548 | D:11     | Found Wexty's Food Emporium.
 17553 | D:11     | Found Arphokh's General Store.
 17567 | D:11     | Bought a scroll of identify for 28 gold pieces
 17849 | D:11     | Received a gift from Okawaru
 17926 | D:11     | Reached skill level 15 in Axes
 18084 | D:12     | Entered Level 12 of the Dungeon
 18251 | D:12     | Found a staircase to the Depths.
 18351 | D:12     | Found a gateway to a bazaar.
 18868 | D:12     | Noticed Fannar
 18882 | D:12     | Killed Fannar
 18882 | D:12     | Received a gift from Okawaru
 19431 | D:12     | Noticed Sonja
 19443 | D:12     | Killed Sonja
 19594 | Orc      | Entered the Orcish Mines
 19609 | Orc      | Found a frozen archway.
 19614 | Orc      | Found a staircase to the Elven Halls.
 19620 | Orc      | Reached XP level 15. HP: 120/120 MP: 18/18
 19622 | Orc      | Found Lene's Assorted Antiques.
 19635 | IceCv    | Entered an ice cave
 20001 | IceCv    | Noticed a frost giant
 20011 | IceCv    | Killed a frost giant
 20011 | IceCv    | Reached skill level 16 in Axes
 20049 | IceCv    | Got a vibrating platinum ring
 20060 | IceCv    | Identified the cursed ring of Propriety {Ice Int+4} (You
                  | found it in an ice cave)
 20470 | Orc      | Received a gift from Okawaru
 20582 | Orc      | Reached skill level 10 in Armour
 20755 | Orc      | Noticed Snorg
 20762 | Orc      | Noticed an orc warlord
 20765 | Orc      | Killed Snorg
 20881 | Orc      | Found Nonixom's General Store.
 20881 | Orc      | Found Kietob's Jewellery Shoppe.
 20895 | Orc      | Killed an orc warlord
 20895 | Orc      | Reached skill level 5 in Invocations
 21291 | Orc      | Found a roughly hewn altar of Beogh.
 21329 | Orc      | Found a roughly hewn altar of Beogh.
 21347 | Orc      | Found Plog's Food Shop.
 21347 | Orc      | Found Varill's Gadget Shoppe.
 21533 | Shoals:1 | Entered Level 1 of the Shoals
 21594 | Shoals:1 | Received a gift from Okawaru
 21669 | Shoals:1 | Noticed Josephine
 21680 | Shoals:1 | Killed Josephine
 22312 | Shoals:2 | Received a gift from Okawaru
 22501 | Shoals:2 | Reached XP level 16. HP: 74/129 MP: 15/19
 22521 | Shoals:2 | HP: 2/129 [satyr/arrow (12)]
 22846 | Shoals:2 | Reached skill level 17 in Axes
 23312 | Shoals:3 | Entered Level 3 of the Shoals
 23651 | Shoals:3 | Found Ybefirr's Jewellery Shop.
 23678 | Shoals:3 | Got a transparent ring mail
 23689 | Shoals:3 | Identified the cursed +1 ring mail of Honesty {rPois rF+++
                  | rC- Dex-2} (You found it on level 3 of the Shoals)
 23767 | Shoals:3 | Received a gift from Okawaru
 23867 | Shoals:3 | Got a crystal great mace
 24150 | Shoals:3 | Found Cuqeh's Magic Scroll Shop.
 24268 | Shoals:3 | Got a barnacled rune of Zot
 24327 | Shoals:3 | Identified the +9 spear of Heodibic {pierce, rElec}
 24674 | Snake:1  | Entered Level 1 of the Snake Pit
 24878 | Snake:1  | Noticed Rupert
 24896 | Snake:1  | Killed Rupert
 25053 | Snake:1  | Received a gift from Okawaru
 25067 | Snake:1  | Reached XP level 17. HP: 133/137 MP: 16/21
 25619 | Snake:2  | Reached skill level 18 in Axes
 26189 | Snake:2  | Reached skill level 5 in Dodging
 26683 | Snake:3  | Entered Level 3 of the Snake Pit
 26690 | Snake:3  | Reached skill level 1 in Unarmed Combat
 26931 | Snake:3  | Received a gift from Okawaru
 27653 | Snake:3  | Found Ejulo's Distillery.
 27783 | Snake:3  | Found Lusife's Distillery.
 27784 | Snake:3  | Found Ampesoong's Jewellery Shop.
 27845 | Snake:3  | Gained mutation: You may emit foul miasma when damaged in
                  | melee. [demonic ancestry]
 27845 | Snake:3  | Reached XP level 18. HP: 97/147 MP: 22/22
 28025 | Snake:3  | Received a gift from Okawaru
 28335 | Snake:3  | Got a serpentine rune of Zot
 28400 | Snake:3  | Found a gateway to a bazaar.
 28496 | Snake:3  | Noticed Vashnia
 28575 | Snake:3  | Killed Vashnia
 28984 | Elf:1    | Entered Level 1 of the Elven Halls
 29520 | Elf:1    | Reached skill level 15 in Fighting
 29537 | Elf:1    | Found Hiapleco's Jewellery Shop.
 29718 | Elf:1    | Identified Sif Muna's Grimoire of Confrontation
 29742 | Elf:1    | Paralysed by an orc sorcerer for 3 turns
 30355 | Elf:2    | Found a huge runed gate.
 30355 | Elf:2    | Found a huge runed gate.
 30355 | Elf:2    | Found a huge runed gate.
 30356 | Elf:2    | Found a huge runed gate.
 30358 | Elf:2    | Found a huge runed gate.
 30370 | Elf:2    | Identified the +9 plate armour "Gaseshyu" {rF+} (Okawaru
                  | gifted it to you on level 2 of the Elven Halls)
 30370 | Elf:2    | Received a gift from Okawaru
 30661 | Elf:2    | Found a runed translucent door.
 30661 | Elf:2    | Noticed dscm's ghost (journeyman KoFi)
 30832 | Elf:2    | Reached skill level 19 in Axes
 31350 | Elf:3    | Entered Level 3 of the Elven Halls
 31367 | Elf:3    | Reached XP level 19. HP: 143/155 MP: 22/24
 31465 | Elf:3    | Found Kiupp's Armour Shop.
 31799 | Elf:3    | Reached skill level 15 in Shields
 32097 | Elf:3    | Noticed a Shadow Fiend
 32441 | Elf:3    | Noticed a Brimstone Fiend
 32446 | Elf:3    | Identified the +4 chain mail of the Eternal Fruit {rC+
                  | SInv} (Okawaru gifted it to you on level 3 of the Elven
                  | Halls)
 32446 | Elf:3    | Received a gift from Okawaru
 32723 | Elf:3    | Cast into level 1 of the Abyss (a deep elf sorcerer)
 32723 | Abyss:1  | Found a corrupted altar of Lugonu.
 32863 | Elf:3    | Escaped the Abyss
 32892 | Elf:3    | Identified the ring "Womoc" {*Contam *Drain rCorr Str+3
                  | Int+4}
 32893 | Elf:3    | Cast into level 2 of the Abyss (a deep elf sorcerer)
 32896 | Abyss:2  | Found a corrupted altar of Lugonu.
 33254 | Abyss:2  | Noticed a bone dragon
 33275 | Abyss:2  | Killed a bone dragon
 33293 | Elf:3    | Escaped the Abyss
 33313 | Elf:3    | Killed from afar by a deep elf sorcerer
 33314 | Elf:3    | Reached XP level 18. HP: -21/151 MP: 0/24
 33337 | Elf:3    | Found a runed translucent door.
 33338 | Elf:3    | Noticed Estegh's ghost (adept MiAK)
 33391 | Elf:3    | Noticed an Ice Fiend
 33397 | Elf:3    | Noticed an Ice Fiend
 33643 | Elf:3    | Identified a scroll of acquirement
 33697 | Elf:3    | Identified the +3 great sword "Piewk" {slice, rC- MP+9
                  | Str+2 Int+3}
 33703 | Elf:3    | Noticed Louise
 33709 | Elf:3    | Cast into level 3 of the Abyss (a deep elf sorcerer)
 33906 | Abyss:3  | Noticed a Hell Sentinel
 33929 | Abyss:3  | Killed a Hell Sentinel
 34056 | Elf:3    | Escaped the Abyss
 34268 | Elf:3    | Received a gift from Okawaru
 34472 | Elf:3    | Cast into level 4 of the Abyss (a ghostly deep elf
                  | sorcerer)
 34543 | Abyss:4  | Reached XP level 19. HP: 157/159 MP: 23/25
 34629 | Abyss:4  | Paralysed by accursed screaming for 1 turns
 34636 | Abyss:4  | HP: 6/159 [starcursed mass/accursed screaming (6)]
 34636 | Abyss:4  | Slain by a large abomination

Skill      XL: |  1  2  3  4  5  6  7  8  9 10 11 12 13 14 15 16 17 18 19 |
---------------+----------------------------------------------------------+-----
Shields        | 3 4 5 6 7 8 9 10 11 12 13 14 15 | 15.6
Armour         | 3 4 5 6 7 8 9 10 11 12 13 | 13.9
Axes           | 2 3 4 5 6 9 10 11 13 14 15 16 17 18 19 | 19.6
Dodging        | 1 2 3 4 5 |  5.1
Fighting       | 4 5 7 8 9 10 11 12 13 14 15 16 | 16.6
Stealth        | 1 2 |  2.4
Invocations    | 1 2 4 5 6 7 8 |  8.5
Unarmed Combat | 1 |  1.5
Evocations     | |  0.4

Action                   |  1- 3 |  4- 6 |  7- 9 | 10-12 | 13-15 | 16-18 | 19-21 || total
-------------------------+-------+-------+-------+-------+-------+-------+-------++-------
Melee: War axe           |   105 |   186 |   520 |    39 |       |       |       ||   850
       Headbutt          |       |     4 |   118 |   103 |   210 |   320 |    99 ||   854
       Broad axe         |       |       |       |   360 |   967 |  1456 |   418 ||  3201
       Hand axe          |       |       |       |    61 |    42 |       |       ||   103
       Unarmed           |       |       |       |       |       |    24 |       ||    24
Invok: Heroism           |       |       |     7 |    10 |    14 |    26 |     9 ||    66
       Finesse           |       |       |       |     2 |     7 |     9 |     6 ||    24
 Abil: Evoke Blink       |       |       |       |     1 |       |       |       ||     1
  Use: Scroll            |     1 |       |     9 |     9 |    17 |     7 |    11 ||    54
       Potion            |       |       |     4 |     2 |     1 |    10 |     8 ||    25
  Eat: Chunk             |     6 |    11 |    27 |    32 |    36 |    46 |     8 ||   166
       Ration            |       |       |     1 |     1 |     4 |     5 |     1 ||    12
Armor: Scale mail        |    65 |   139 |    24 |       |       |       |       ||   228
       Chain mail        |    24 |       |   357 |   273 |   152 |       |       ||   806
       Gold dragon scale |       |       |       |       |   267 |   662 |   104 ||  1033
Dodge: Dodged            |    28 |    49 |   117 |   126 |   367 |   527 |    76 ||  1290
Block: Medium shield     |    73 |   132 |   326 |   289 |   654 |   888 |   172 ||  2534
